 Seeded DCSS version 0.25.1-8-g42b30a86e7 (webtiles) character file.

Game seed: 20201210 (custom seed)

5926 radhat240 the Cleaver (level 10, -22/84 HPs)
             Began as a Minotaur Fighter on Dec 10, 2020.
             Was a Believer of Makhleb.
             Annihilated by an orc warlord
             ... wielding a +4 broad axe of draining
              (47 damage)
             ... in a bailey.
             The game lasted 00:32:38 (6939 turns).

radhat240 the Cleaver (Minotaur Fighter)            Turns: 6939, Time: 00:32:38

Health: -22/84     AC: 15    Str: 29    XL:     10   Next: 53%
Magic:  9/9        EV:  5    Int:  5    God:    Makhleb [**....]
Gold:   366        SH: 14    Dex: 11    Spells: 9/9 levels left

rFire    + . .     SeeInvis .   C - +3 war axe (vamp)
rCold    . . .     Gourm    .   c - +3 kite shield
rNeg     . . .     Faith    .   r - +1 plate armour
rPois    .         Spirit   .   (helmet restricted)
rElec    .         Reflect  .   (no cloak)
rCorr    .         Harm     .   m - +0 pair of gloves
MR       .....                  j - +0 pair of boots
Stlth    ..........             e - amulet of regeneration
HPRegen  0.64/turn              n - ring of protection from fire
MPRegen  0.11/turn              d - +6 ring of strength

@: very heavily drained
A: retaliatory headbutt, horns 2
a: Minor Destruction, Renounce Religion


You were in a bailey.
You worshipped Makhleb.
Makhleb was pleased with you.
You were not hungry.

You visited 2 branches of the dungeon, and saw 9 of its levels.
You also visited: Sewer and Bailey.

You collected 366 gold pieces.

Inventory:

Hand Weapons
 a - a +0 war axe
 A - a +1 war axe of flaming
 C - a +3 vampiric war axe (weapon)
Armour
 b - a +0 scale mail
 c - a +3 kite shield (worn)
 j - a +0 pair of boots (worn)
 m - a +0 pair of gloves (worn)
 r - a +1 plate armour (worn)
Jewellery
 d - a +6 ring of strength (right hand)
 e - an amulet of regeneration (around neck)
 l - an uncursed amulet of faith {unknown}
 n - a ring of protection from fire (left hand)
Scrolls
 g - 3 scrolls of amnesia
 h - 7 scrolls of teleportation
 k - a scroll of enchant weapon
 o - 4 scrolls of blinking
 p - a scroll of magic mapping
 q - 4 scrolls of remove curse
 u - a scroll of fear
 v - 4 scrolls of identify
Potions
 s - 3 potions of haste
 t - a potion of magic
 w - 3 potions of might
 B - a potion of ambrosia
Comestibles
 f - 20 rations
 i - 9 chunks of flesh


   Skills:
 + Level 6.9(3.1) Fighting
 + Level 12.2(7.9) Axes
 + Level 9.4(5.3) Armour
 + Level 3.0(0.0) Dodging
 + Level 0.6(0.0) Stealth
 + Level 10.0(5.9) Shields


You had 9 spell levels left.
You didn't know any spells.
Your spell library contained the following spells:

 Spells                   Type           Power        Failure   Level  Hunger
 Animate Skeleton         Necr           N/A          100%        1    ##.....
 Apportation              Tloc           #.....       100%        1    ##.....
 Corona                   Hex            #......      100%        1    ##.....
 Summon Small Mammal      Summ           #...         100%        1    ##.....


Dungeon Overview and Level Annotations

Branches:
Dungeon (8/15)             Temple (1/1) D:6           Sewer (visited)
 Bailey (1/1)
   Lair: D:8-11

Altars:
Ashenzari
Dithmenos
Elyvilon
Fedhas
Gozag
Hepliaklqana
Kikubaaqudgha
Makhleb
Nemelex Xobeh
Okawaru
Ru
Sif Muna
Trog
Uskayaw
Vehumet
Wu Jian
Xom
Yredelemnul


Innate Abilities, Weirdness & Mutations

You reflexively headbutt those who attack you in melee.
You have a pair of horns on your head.


Message History

Your shield and plate armour prevent you from hitting the orc warlord.
Your headbutt misses the orc warlord.
The orc warlord is almost dead.
The orc warlord hits you with a +4 broad axe of draining!!
You feel drained.
You hit the orc warlord.
The orc warlord is almost dead.
The orc warlord no longer looks unusually strong.
The orc warrior no longer looks unusually strong.
The orc knight roars a battlecry!
The orcs go into a battle-frenzy!
The orc warlord hits you with a +4 broad axe of draining!
You feel drained.
* * * LOW HITPOINT WARNING * * *
You hit the orc warlord but do no damage.
Your headbutt misses the orc warlord.
The orc warlord is almost dead.
The orc warlord hits you with a +4 broad axe of draining!!!
Ouch! That really hurt!
You die...

........ #...........#
........ #.....)..)).#
)....... ##......)))###
#.....## .###.....#)#.###
###.###
...###.###.....### ..###
.... ###.........## ...#
....o #8..........# ...#
...ogg#8..........# ...#
...ogoo@....⌠....∩# ...#
...goo#8..........# ...#
....g #8..........# ..###
.... ###...).....##
###.###
...###.###))...###
#.....###.###.....#'#.###
).......###.........###
.........#...........#
.........#...........#


You could see an orc warlord (strong), an orc knight (strong), 5 orc warriors, a
gnoll, 3 hobgoblins and a goblin.

Vanquished Creatures
  Harold (D:7)
  2 two-headed ogres (D:8)
  Pikel (D:5)
  An orc knight (Bailey)
  Joseph (D:8)
  A hippogriff (D:7)
  2 ice beasts
  A slave (D:5)
  6 orc warriors
  A black bear (D:7)
  2 ogres
  2 centaurs
  2 bullfrogs
  4 killer bees (D:6)
  5 crimson imps
  A jelly (D:5)
  A quasit (D:7)
  4 orc wizards
  2 hounds (D:5)
  2 orc priests
  A bullfrog skeleton (D:5)
  3 iguanas
  6 worker ants
  9 gnolls
  9 adders
  A shadow imp (D:7)
  An ooze (D:2)
  2 adder skeletons
  5 worms
  4 dart slugs
  6 leopard geckos
  31 orcs
  6 ball pythons (Sewer)
  6 bats (D:1)
  8 giant cockroaches
  22 goblins
  33 hobgoblins
  8 jackals
  8 frilled lizards
  13 kobolds
  A leopard gecko skeleton (D:5)
  12 rats
  9 plants (Sewer)
246 creatures vanquished.

Vanquished Creatures (others)
  A plant (Sewer)
1 creature vanquished.

Grand Total: 247 creatures vanquished

Notes
Turn   | Place    | Note
-------+----------+-------------------------------------------
     0 | D:1      | radhat240 the Minotaur Fighter began the quest for the Orb.
     0 | D:1      | Reached XP level 1. HP: 19/19 MP: 0/0
   276 | D:1      | Reached XP level 2. HP: 22/27 MP: 1/1
   368 | D:1      | Reached XP level 3. HP: 32/33 MP: 2/2
   689 | D:2      | Reached skill level 1 in Dodging
   787 | D:2      | Reached skill level 3 in Axes
   803 | D:2      | Reached XP level 4. HP: 41/41 MP: 3/3
  1167 | D:2      | Found a radiant altar of Vehumet.
  1168 | D:2      | Found a basalt altar of Yredelemnul.
  1169 | D:2      | Found a shadowy altar of Dithmenos.
  1503 | D:3      | You fall into a shaft and drop 1 floor!
  1804 | D:3      | Reached XP level 5. HP: 45/47 MP: 4/4
  1813 | D:3      | You fall into a shaft and drop 1 floor!
  1841 | D:4      | Reached skill level 4 in Axes
  2449 | D:4      | Noticed a moth of wrath
  2452 | D:4      | Found a bloodstained altar of Trog.
  2900 | D:5      | Entered Level 5 of the Dungeon
  3015 | D:5      | Noticed an ice beast
  3025 | D:5      | Killed an ice beast
  3025 | D:5      | Reached skill level 5 in Axes
  3025 | D:5      | Reached skill level 5 in Shields
  3025 | D:5      | Reached XP level 6. HP: 47/53 MP: 5/5
  3081 | D:5      | Reached skill level 5 in Armour
  3221 | D:5      | Reached skill level 6 in Axes
  3226 | D:5      | Reached XP level 7. HP: 59/60 MP: 6/6
  3385 | D:5      | Noticed Pikel
  3404 | D:5      | Killed Pikel
  3404 | D:5      | Reached skill level 5 in Fighting
  3404 | D:5      | Reached skill level 7 in Axes
  3404 | D:5      | Reached XP level 8. HP: 40/68 MP: 7/7
  3813 | D:6      | Found a staircase to the Ecumenical Temple.
  3838 | D:6      | Found a glowing drain.
  3877 | Sewer    | Entered a sewer
  4523 | D:6      | Reached skill level 8 in Axes
  4597 | D:6      | Found a shattered altar of Ashenzari.
  4673 | Temple   | Entered the Ecumenical Temple
  4692 | Temple   | Became a worshipper of Makhleb the Destroyer
  4744 | D:6      | Reached skill level 9 in Axes
  5031 | D:6      | Found an ancient bone altar of Kikubaaqudgha.
  5393 | D:7      | Noticed a hippogriff
  5402 | D:7      | Killed a hippogriff
  5402 | D:7      | Reached XP level 9. HP: 75/75 MP: 8/8
  5601 | D:7      | Found a white marble altar of Elyvilon.
  5682 | D:7      | Found a sacrificial altar of Ru.
  6076 | D:7      | Noticed Harold
  6089 | D:7      | Killed Harold
  6089 | D:7      | Reached skill level 10 in Axes
  6340 | D:8      | Noticed Joseph
  6349 | D:8      | Killed Joseph
  6367 | D:8      | Reached * piety under Makhleb
  6447 | D:8      | Reached skill level 11 in Axes
  6461 | D:8      | Found a flagged portal.
  6462 | D:8      | Noticed a two-headed ogre
  6462 | D:8      | Noticed a two-headed ogre
  6482 | D:8      | Killed a two-headed ogre
  6482 | D:8      | Reached XP level 10. HP: 44/83 MP: 9/9
  6488 | D:8      | Killed a two-headed ogre
  6560 | Bailey   | Entered a bailey
  6727 | Bailey   | Reached ** piety under Makhleb
  6800 | Bailey   | Reached skill level 12 in Axes
  6894 | Bailey   | Noticed an orc knight
  6894 | Bailey   | Noticed an orc warlord
  6894 | Bailey   | Noticed an orc knight
  6912 | Bailey   | Killed an orc knight
  6912 | Bailey   | Reached skill level 10 in Shields
  6939 | Bailey   | Annihilated by an orc warlord

Illustrated notes

Levels and vault maps discovered:
D:1:      dpeg_arrival_snail, layout_basic
D:2:      layout_basic, chequers_temple_overflow_statue_of_worship,
          minmay_hedge_maze, minmay_misc_feat_five
D:3:      layout_basic
D:4:      layout_loops_ring, tgw_trog, first_ration, minmay_distorted
D:5:      layout_basic, kennysheep_nub, minmay_fractal_squares_diagonal_5,
          uniq_pikel
D:6:      layout_loops_ring, kennysheep_mini_moat,
          minmay_temple_entry_overgrown, gup_sewer_entry_glass,
          cheibrodos_ashenzari_chains
D:7:      layout_layer_cave, nicolae_overflow_crystal_walls,
          lemuel_doored_altar, uniq_harold
D:8:      layout_rooms, enter_bailey_6, uniq_joseph
Temple:   eino_narrow_crystal_temple
Bailey:   bailey_axe_minmay_hex_keep, bailey

Skill      XL: |  1  2  3  4  5  6  7  8  9 10 |
---------------+-------------------------------+-----
Fighting       | 4 5 6 |  6.9
Armour         | 4 5 7 9 |  9.4
Shields        | 4 5 6 7 9 10 | 10.0
Dodging        | 1 2 3 |  3.0
Axes           | 3 5 6 7 9 11 12 | 12.2
Stealth        | |  0.6

Action                   |  1- 3 |  4- 6 |  7- 9 | 10-12 || total
-------------------------+-------+-------+-------+-------++-------
Melee: War axe           |    80 |   154 |   287 |   135 ||   656
       Headbutt          |    15 |    19 |    70 |    33 ||   137
  Use: Scroll            |     2 |     7 |     4 |     1 ||    14
       Potion            |     1 |     2 |     3 |     3 ||     9
 Stab: Distracted        |       |       |       |     1 ||     1
  Eat: Chunk             |       |     4 |     6 |       ||    10
       Ration            |       |     1 |     2 |       ||     3
Armor: Scale mail        |    43 |    54 |       |       ||    97
       Plate armour      |       |    10 |   122 |    23 ||   155
Dodge: Dodged            |    29 |    45 |    64 |    16 ||   154
Block: Kite shield       |    37 |   110 |   220 |    80 ||   447
